TOP OF THE 1ST |
Memphis Blues batting - Pitching for Key West Barracudas : RHP Dale Polk
|
Pitching: RHP Dale Polk
|
|
Batting: RHB Albert Morán
|
0-0: Called Strike 0-1: Ground out 3-1 (Groundball, 34)
|
Batting: RHB Brandon Townsley
|
0-0: Called Strike 0-1: Foul Ball, location: 2F 0-2: Foul Ball, location: 2F 0-2: Foul Ball, location: 2F 0-2: Foul Ball, location: 2F 0-2: Fly out, F9 (Line Drive, 9D)
|
Batting: RHB Ryan Nelson
|
0-0: Foul Ball, location: 2F 0-1: Ball 1-1: Ball 2-1: Foul Ball, location: 2F 2-2: Ground out 1-3 (Groundball, P)
|
Top of the 1st over - 0 runs, 0 hits, 0 errors, 0 left on base; Memphis 0 - Key West 0 |
BOTTOM OF THE 1ST |
Key West Barracudas batting - Pitching for Memphis Blues : RHP Mike Clay
|
Pitching: RHP Mike Clay
|
|
Batting: RHB Rob DeWitt
|
0-0: Ball 1-0: Foul Ball, location: 2F 1-1: Fly out, F8 (Flyball, 8LM)
|
Batting: RHB Ramiro Javier
|
0-0: Ball 1-0: Ball 2-0: Foul Ball, location: 2F 2-1: Ball 3-1: Foul Ball, location: 2F 3-2: Base on Balls
|
Batting: SHB Brock Owens
|
Pickoff Throw to First - Out! 0-0: Called Strike 0-1: Called Strike 0-2: Hit by Pitch
|
Batting: RHB Paul Bell
|
0-0: Called Strike 0-1: Foul Ball, location: 2F 0-2: Fly out, F6 (Popup, 6)
|
Bottom of the 1st over - 0 runs, 0 hits, 0 errors, 1 left on base; Memphis 0 - Key West 0 |
TOP OF THE 2ND |
Memphis Blues batting - Pitching for Key West Barracudas : RHP Dale Polk
|
Batting: SHB Fernando Gutiérrez
|
0-0: Ball 1-0: Ball 2-0: Ball 3-0: Base on Balls
|
Batting: SHB Hang-ki Yue
|
0-0: Ball 1-0: Ball 2-0: Ball 3-0: Swinging Strike 3-1: Called Strike 3-2: Strikes out looking
|
Batting: LHB Freddy Torres
|
0-0: Ball 1-0: Called Strike 1-1: Ball 2-1: Ball 3-1: Base on Balls Fernando Gutiérrez to second
|
Batting: RHB Glenn Melican
|
0-0: Called Strike 0-1: Swinging Strike 0-2: Ball 1-2: Foul Ball, location: 2F 1-2: Fielders Choice at 2nd, 6-4 (Groundball, 6) Fernando Gutiérrez to third
|
Batting: RHB Dennis Mays
|
0-0: Ball 1-0: Reached on error, E2 (Groundball, 2L) Fernando Gutiérrez scores Glenn Melican to third
|
Batting: RHB Miguel Mendoza
|
0-0: Ball 1-0: Ball 2-0: Called Strike 2-1: Ball 3-1: 3-RUN HOME RUN (Flyball, 7LD), Distance : 360 ft
|
Batting: RHB Albert Morán
|
0-0: Called Strike 0-1: Foul Ball, location: 2F 0-2: Ground out U3 (Groundball, 34)
|
Top of the 2nd over - 4 runs, 1 hit, 1 error, 0 left on base; Memphis 4 - Key West 0 |
BOTTOM OF THE 2ND |
Key West Barracudas batting - Pitching for Memphis Blues : RHP Mike Clay
|
Batting: SHB Júlio Ayala
|
0-0: Called Strike 0-1: Called Strike 0-2: Ball 1-2: Strikes out looking
|
Batting: LHB Mauro Díaz
|
0-0: Swinging Strike 0-1: Ball 1-1: Ball 2-1: SOLO HOME RUN (Flyball, 89XD), Distance : 408 ft
|
Batting: SHB Eric Pimentel
|
0-0: Called Strike 0-1: Fly out, F7 (Flyball, 7LM)
|
Batting: LHB Juan Lima
|
0-0: Ball 1-0: Called Strike 1-1: Ball 2-1: Ground out 4-3 (Groundball, 34D)
|
Bottom of the 2nd over - 1 run, 1 hit, 0 errors, 0 left on base; Memphis 4 - Key West 1 |
TOP OF THE 3RD |
Memphis Blues batting - Pitching for Key West Barracudas : RHP Dale Polk
|
Batting: RHB Brandon Townsley
|
0-0: Fly out, F7 (Flyball, 7D)
|
Batting: RHB Ryan Nelson
|
0-0: Called Strike 0-1: Ball 1-1: SOLO HOME RUN (Flyball, 7LD), Distance : 353 ft
|
Batting: SHB Fernando Gutiérrez
|
0-0: Foul Ball, location: 2F 0-1: Ball 1-1: Called Strike 1-2: Ball 2-2: Strikes out swinging
|
Batting: SHB Hang-ki Yue
|
0-0: Swinging Strike 0-1: Ball 1-1: Ground out 1-3 (Groundball, 13S)
|
Top of the 3rd over - 1 run, 1 hit, 0 errors, 0 left on base; Memphis 5 - Key West 1 |
BOTTOM OF THE 3RD |
Key West Barracudas batting - Pitching for Memphis Blues : RHP Mike Clay
|
Batting: LHB Howard White
|
0-0: Ball 1-0: Ball 2-0: Ball 3-0: Base on Balls
|
Batting: RHB Rob DeWitt
|
0-0: Called Strike 0-1: Swinging Strike 0-2: Foul Ball, location: 2F 0-2: Ball 1-2: Ball 2-2: Grounds into double play, 6-4-3 (Groundball, 6)
|
Batting: RHB Ramiro Javier
|
0-0: Ball 1-0: Ground out 4-3 (Groundball, 4)
|
Bottom of the 3rd over - 0 runs, 0 hits, 0 errors, 0 left on base; Memphis 5 - Key West 1 |
TOP OF THE 4TH |
Memphis Blues batting - Pitching for Key West Barracudas : RHP Dale Polk
|
Batting: LHB Freddy Torres
|
0-0: Ball 1-0: Ground out 4-3 (Groundball, 34)
|
Batting: RHB Glenn Melican
|
0-0: Ball 1-0: Foul Ball, location: 2F 1-1: Foul Ball, location: 2F 1-2: Ball 2-2: Fly out, F7 (Flyball, 7LM)
|
Batting: RHB Dennis Mays
|
0-0: Ball 1-0: Ball 2-0: Ball 3-0: Base on Balls
|
Pitching: RHP Culley Booth
|
|
Batting: RHB Miguel Mendoza
|
0-0: Swinging Strike 0-1: Ball Passed Ball! Dennis Mays to second 1-1: Foul Ball, location: 2F 1-2: Fly out, F9 (Line Drive, 89M)
|
Top of the 4th over - 0 runs, 0 hits, 0 errors, 1 left on base; Memphis 5 - Key West 1 |
BOTTOM OF THE 4TH |
Key West Barracudas batting - Pitching for Memphis Blues : RHP Mike Clay
|
Batting: SHB Brock Owens
|
0-0: Ball 1-0: Called Strike 1-1: Swinging Strike 1-2: Ball 2-2: Ball 3-2: Foul Ball, location: 2F 3-2: Foul Ball, location: 2F 3-2: Ground out 5-3 (Groundball, 56)
|
Batting: RHB Paul Bell
|
0-0: Ball 1-0: Ball 2-0: Foul Ball, location: 2F 2-1: Ground out 6-3 (Groundball, 6S)
|
Batting: SHB Júlio Ayala
|
0-0: Ground out U3 (Groundball, 3L)
|
Bottom of the 4th over - 0 runs, 0 hits, 0 errors, 0 left on base; Memphis 5 - Key West 1 |
TOP OF THE 5TH |
Memphis Blues batting - Pitching for Key West Barracudas : RHP Culley Booth
|
Batting: RHB Albert Morán
|
0-0: Ground out 6-3 (Groundball, 6)
|
Batting: RHB Brandon Townsley
|
0-0: Ball 1-0: Called Strike 1-1: Ball 2-1: Ball 3-1: Base on Balls
|
Batting: RHB Ryan Nelson
|
0-0: Ball 1-0: SINGLE (Flyball, 7LS) Brandon Townsley to second Runner from 2nd tries for 3rd, SAFE, no throw
|
Batting: SHB Fernando Gutiérrez
|
0-0: Called Strike 0-1: Fly out, F7 (Flyball, 78S)
|
Batting: SHB Hang-ki Yue
|
0-0: Fly out, F3 (Line Drive, 3S)
|
Top of the 5th over - 0 runs, 1 hit, 0 errors, 2 left on base; Memphis 5 - Key West 1 |
BOTTOM OF THE 5TH |
Key West Barracudas batting - Pitching for Memphis Blues : RHP Mike Clay
|
Batting: LHB Mauro Díaz
|
0-0: Called Strike 0-1: Ball 1-1: Swinging Strike 1-2: Foul Ball, location: 2F 1-2: Ball 2-2: Ball 3-2: Base on Balls
|
Batting: SHB Eric Pimentel
|
0-0: Ball 1-0: Foul Ball, location: 2F 1-1: Foul Ball, location: 2F 1-2: Strikes out swinging
|
Batting: LHB Juan Lima
|
0-0: Called Strike 0-1: Foul Ball, location: 2F 0-2: Foul Ball, location: 2F 0-2: Ball 1-2: Foul Ball, location: 2F 1-2: Ball 2-2: SINGLE (Groundball, 34D) Mauro Díaz to second Runner from 2nd tries for 3rd, SAFE, throw made to third
|
Batting: LHB Howard White
|
0-0: Ball 1-0: Ball 2-0: Grounds into double play, 6-4-3 (Groundball, 6M)
|
Bottom of the 5th over - 0 runs, 1 hit, 0 errors, 1 left on base; Memphis 5 - Key West 1 |
TOP OF THE 6TH |
Memphis Blues batting - Pitching for Key West Barracudas : RHP Culley Booth
|
Batting: LHB Freddy Torres
|
0-0: Foul Ball, location: 2F 0-1: Foul Ball, location: 2F 0-2: Foul Ball, location: 2F 0-2: Ball 1-2: Foul Ball, location: 2F 1-2: Foul Ball, location: 2F 1-2: Foul Ball, location: 2F 1-2: SINGLE (Line Drive, 7LS)
|
Batting: RHB Glenn Melican
|
0-0: Foul Ball, location: 2F 0-1: Ball 1-1: Foul Ball, location: 2F 1-2: Strikes out swinging
|
Batting: RHB Dennis Mays
|
0-0: Called Strike 0-1: Ground out U3 (Groundball, 34S) Freddy Torres to second
|
Batting: RHB Miguel Mendoza
|
0-0: Called Strike 0-1: Foul Ball, location: 2F 0-2: Strikes out swinging
|
Top of the 6th over - 0 runs, 1 hit, 0 errors, 1 left on base; Memphis 5 - Key West 1 |
BOTTOM OF THE 6TH |
Key West Barracudas batting - Pitching for Memphis Blues : RHP Mike Clay
|
Batting: RHB Rob DeWitt
|
0-0: Ball 1-0: Called Strike 1-1: Swinging Strike 1-2: Strikes out swinging
|
Batting: RHB Ramiro Javier
|
0-0: Ball 1-0: Ball 2-0: Called Strike 2-1: Ball 3-1: Ground out 4-3 (Groundball, 4)
|
Batting: SHB Brock Owens
|
0-0: Called Strike 0-1: Ball 1-1: Foul Ball, location: 2F 1-2: Ball 2-2: Ground out 4-3 (Groundball, 4)
|
Bottom of the 6th over - 0 runs, 0 hits, 0 errors, 0 left on base; Memphis 5 - Key West 1 |
TOP OF THE 7TH |
Memphis Blues batting - Pitching for Key West Barracudas : RHP Culley Booth
|
Batting: RHB Albert Morán
|
0-0: Swinging Strike 0-1: Ball 1-1: Foul Ball, location: 2F 1-2: Reached on error, E6 (Groundball, 56)
|
Batting: RHB Brandon Townsley
|
0-0: Intentional Walk
|
Batting: RHB Ryan Nelson
|
0-0: Called Strike 0-1: Foul Ball, location: 2F 0-2: Strikes out looking
|
Batting: SHB Fernando Gutiérrez
|
0-0: Ball Albert Morán steals 3rd base Brandon Townsley to second 1-0: Called Strike 1-1: Ball 2-1: SINGLE (Groundball, 6MD) Albert Morán scores Brandon Townsley to third Runner from 3rd tries for Home, SAFE, no throw
|
Batting: SHB Hang-ki Yue
|
0-0: Called Strike 0-1: Ball 1-1: Ball 2-1: DOUBLE (Line Drive, 9LM) Fernando Gutiérrez to third
|
Batting: LHB Freddy Torres
|
0-0: Called Strike 0-1: Fly out, F9 (Flyball, 9S)
|
Batting: RHB Glenn Melican
|
0-0: Fly out, F7 (Line Drive, 7)
|
Top of the 7th over - 2 runs, 2 hits, 1 error, 2 left on base; Memphis 7 - Key West 1 |
BOTTOM OF THE 7TH |
Key West Barracudas batting - Pitching for Memphis Blues : RHP Mike Clay
|
Batting: RHB Paul Bell
|
0-0: Called Strike 0-1: Ball 1-1: Hit by Pitch
|
Batting: SHB Júlio Ayala
|
0-0: Ball 1-0: Ball 2-0: Grounds into double play, 4-6-3 (Groundball, 4)
|
Batting: LHB Mauro Díaz
|
0-0: Ball 1-0: Ball 2-0: Called Strike 2-1: Foul Ball, location: 2F 2-2: Ball 3-2: Foul Ball, location: 2F 3-2: Base on Balls
|
Batting: SHB Eric Pimentel
|
0-0: Ball 1-0: Ball 2-0: SINGLE (Line Drive, 4MD) Mauro Díaz to second
|
Pitching: LHP Jaden Watkins
|
|
Batting: LHB Juan Lima
|
0-0: Called Strike 0-1: Ball 1-1: Ball 2-1: Fly out, F9 (Flyball, 9S)
|
Bottom of the 7th over - 0 runs, 1 hit, 0 errors, 2 left on base; Memphis 7 - Key West 1 |
TOP OF THE 8TH |
Memphis Blues batting - Pitching for Key West Barracudas : RHP Culley Booth
|
Pitching: RHP Rafael Ruíz
|
|
Batting: RHB Dennis Mays
|
0-0: Swinging Strike 0-1: Called Strike 0-2: Ball 1-2: Strikes out swinging, 2-3 out at first.
|
Batting: RHB Miguel Mendoza
|
0-0: SINGLE (Flyball, 9LM)
|
Batting: RHB Albert Morán
|
0-0: Ball 1-0: Called Strike 1-1: Called Strike 1-2: Foul Ball, location: 2F 1-2: Foul Ball, location: 2F 1-2: Foul Ball, location: 2F 1-2: Ball 2-2: Strikes out looking
|
Batting: RHB Brandon Townsley
|
0-0: Called Strike 0-1: Foul Ball, location: 2F 0-2: Strikes out swinging
|
Top of the 8th over - 0 runs, 1 hit, 0 errors, 1 left on base; Memphis 7 - Key West 1 |
BOTTOM OF THE 8TH |
Key West Barracudas batting - Pitching for Memphis Blues : LHP Jaden Watkins
|
Now at C: Guy Morrison
|
|
Batting: LHB Howard White
|
0-0: Foul Ball, location: 2F 0-1: Called Strike 0-2: Ball 1-2: Ball 2-2: SINGLE (Line Drive, 4M)
|
Batting: RHB Rob DeWitt
|
0-0: Ball 1-0: Fly out, F7 (Flyball, 7D)
|
Batting: RHB Ramiro Javier
|
0-0: Ball 1-0: Ball 2-0: Ball 3-0: Base on Balls Howard White to second
|
Batting: SHB Brock Owens
|
0-0: Swinging Strike 0-1: Swinging Strike 0-2: Strikes out swinging
|
Batting: RHB Paul Bell
|
0-0: Foul Ball, location: 2F 0-1: Ball 1-1: Ball 2-1: Fly out, F8 (Flyball, 8RS)
|
Bottom of the 8th over - 0 runs, 1 hit, 0 errors, 2 left on base; Memphis 7 - Key West 1 |
TOP OF THE 9TH |
Memphis Blues batting - Pitching for Key West Barracudas : RHP Rafael Ruíz
|
Batting: RHB Ryan Nelson
|
0-0: Called Strike 0-1: Ball 1-1: Ball 2-1: Ball 3-1: Base on Balls
|
Batting: SHB Fernando Gutiérrez
|
0-0: Ball 1-0: Called Strike 1-1: Foul Ball, location: 2F 1-2: Foul Ball, location: 2F 1-2: Ball 2-2: Foul Ball, location: 2F 2-2: Ball 3-2: Ground out 5-3 (Groundball, 56S) Ryan Nelson to second
|
Batting: SHB Hang-ki Yue
|
0-0: DOUBLE (Flyball, 89D) Ryan Nelson scores
|
Batting: LHB Freddy Torres
|
0-0: Called Strike 0-1: SINGLE (Groundball, 4MD) Hang-ki Yue to third Runner from 3rd tries for Home, SAFE, no throw
|
Batting: RHB Glenn Melican
|
0-0: Ball 1-0: Fly out, F5 (Popup, 56)
|
Batting: RHB Dennis Mays
|
0-0: Called Strike Freddy Torres steals 2nd base 0-1: Ball 1-1: Ball 2-1: Ball Passed Ball! Freddy Torres to third 3-1: Foul Ball, location: 2F 3-2: SINGLE (Line Drive, 56) Freddy Torres scores
|
Batting: RHB Guy Morrison
|
0-0: Called Strike 0-1: Ball 1-1: Called Strike 1-2: SINGLE (Groundball, 6D) Dennis Mays to second
|
Batting: RHB Albert Morán
|
0-0: Ball 1-0: Called Strike 1-1: Ball 2-1: Swinging Strike 2-2: Ball 3-2: Base on Balls Dennis Mays to third Guy Morrison to second
|
Batting: RHB Brandon Townsley
|
0-0: Ground out 3-1 (Groundball, 34)
|
Top of the 9th over - 3 runs, 4 hits, 0 errors, 3 left on base; Memphis 10 - Key West 1 |
BOTTOM OF THE 9TH |
Key West Barracudas batting - Pitching for Memphis Blues : LHP Jaden Watkins
|
Now at 1B: Wilson Flores
|
|
Now at 2B: José Velásquez
|
|
Batting: SHB Júlio Ayala
|
0-0: Called Strike 0-1: Called Strike 0-2: Foul Ball, location: 2F 0-2: Fly out, F8 (Line Drive, 8RS)
|
Pinch Hitting: RHB Wilson Metherall
|
0-0: Ground out 4-3 (Groundball, 4D)
|
Batting: SHB Eric Pimentel
|
0-0: Ball 1-0: Called Strike 1-1: Ball 2-1: Swinging Strike 2-2: Strikes out swinging
|
Bottom of the 9th over - 0 runs, 0 hits, 0 errors, 0 left on base; Memphis 10 - Key West 1 |
|